 Dungeon Crawl Stone Soup version 0.26.1 (webtiles) character file.

Game seed: 15617869436453880027

54 Descartes the Covert (level 3, -1/17 HPs)
             Began as a Felid Delver on Feb 5, 2021.
             Was an Initiate of Dithmenos.
             Slain by an ufetubus (5 damage)
             ... on level 5 of the Dungeon.
             The game lasted 00:01:37 (458 turns).

Descartes the Covert (Felid Delver)                  Turns: 458, Time: 00:01:37

Health: -1/17      AC:  1    Str:  9    XL:     3   Next: 66%
Magic:  4/4        EV: 18    Int: 11    God:    Dithmenos [......]
Gold:   0          SH:  0    Dex: 17    Spells: 2/2 levels left
                                        Lives:  0   Deaths: 0

rFire    . . .     SeeInvis +     - Unarmed
rCold    . . .     Faith    .   (shield unavailable)
rNeg     . . .     Spirit   .   (armour unavailable)
rPois    .         Reflect  .   (helmet unavailable)
rElec    .         Harm     .   (cloak unavailable)
rCorr    .         Rampage  .   (gloves unavailable)
Will     .....                  (boots unavailable)
Stlth    ++++......             (no amulet)
HPRegen  0.05/turn              (no ring)
MPRegen  0.09/turn              (no ring)

@: quick
A: very small, no armour, no weapons or thrown items, stealth, claws 1, fangs 3,
see invisible, speed 1, shaggy fur 1, sharp paws
a: Renounce Religion


You were on level 5 of the Dungeon.
You worshipped Dithmenos.
Dithmenos was noncommittal.
You visited 2 branches of the dungeon, and saw 3 of its levels.

Inventory:

Wands
 e - a wand of digging (3)
 f - a wand of acid (9)
Scrolls
 a - a scroll of fog
 b - a scroll of magic mapping
 c - a scroll of fear
 g - a scroll of identify {unknown}
Potions
 d - a potion of haste


   Skills:
 - Level 3.1 Fighting
 - Level 2.7 Dodging
 + Level 8.2 Stealth
 - Level 2.0 Unarmed Combat


You had 2 spell levels left.
You didn't know any spells.
Your spell library was empty.

Dungeon Overview and Level Annotations

Branches:
Dungeon (5/15)             Temple (1/1) D:5

Altars:
Cheibriados
Dithmenos
Elyvilon
Fedhas
Qazlal
Ru
Trog
Uskayaw
Xom
Zin


Innate Abilities, Weirdness & Mutations

You cannot wear armour.
You are incapable of wielding weapons or throwing items.
Your paws allow you to move quietly. (Stealth)
You have sharp claws.
You have razor-sharp teeth.
You have supernaturally acute eyesight. (SInv)
You cover ground quickly.
You are covered in fur. (AC +1)
Your sharp claws are effective at attacking unaware monsters.


Message History

Press < or > to pray at altars.
An ufetubus comes into view.
The ufetubus shouts!
You hear a shout!
The ufetubus hits you. The ufetubus barely misses you.
An orc comes into view. It is wielding a -3 club.
Found a stone staircase leading up.
You closely miss the ufetubus.
The orc shouts!
Your bite misses the ufetubus. The ufetubus barely misses you.
The ufetubus completely misses you.
You barely miss the ufetubus. Your bite misses the ufetubus.
The ufetubus closely misses you. The ufetubus hits you.
The ufetubus barely misses you. x2
You miss the ufetubus. The ufetubus hits you. The ufetubus barely misses you.
You scratch the ufetubus.
The ufetubus is heavily wounded.
The ufetubus hits you.
* * * LOW HITPOINT WARNING * * *
The ufetubus hits you.
You die...

#..#......#
#.........# .
#.........# ..
#._..# . ..
###..#####.. .<
##.......... #.#.
###........##
#....##...#......#
#o5@...#...#..#
#.........###..#
#...=...#....# #..
#.#.....##...# ..
..........##..# #.
.#
.....##...###.##
#...# .....
##....#..## ##..##
.....
##.......###.....
#...####....#####


You could see an orc and an ufetubus.

Vanquished Creatures
  2 worker ants (D:5)
  An ooze (D:4)
  An orc (D:4)
4 creatures vanquished.

Notes
Turn   | Place    | Note
-------+----------+-------------------------------------------
     0 | D:5      | Descartes the Felid Delver began the quest for the Orb.
     0 | D:5      | Reached XP level 1. HP: 10/10 MP: 2/2
    19 | D:5      | Found a staircase to the Ecumenical Temple.
    28 | Temple   | Entered the Ecumenical Temple
   346 | D:5      | Noticed a worker ant
   349 | D:5      | Killed a worker ant
   350 | D:5      | Reached skill level 7 in Stealth
   350 | D:5      | Reached XP level 2. HP: 14/14 MP: 3/3
   414 | D:4      | Reached XP level 3. HP: 17/17 MP: 4/4
   438 | D:5      | Found a shadowy altar of Dithmenos.
   440 | D:5      | Reached skill level 8 in Stealth
   447 | D:5      | Became a worshipper of Dithmenos the Shadowed
   458 | D:5      | Slain by an ufetubus

Illustrated notes

Levels and vault maps discovered:
D:4:      layout_rooms, lightli_temple_of_fire,
          gammafunk_temple_overflow_forgotten, serial_shops, shop, shop,
          kennysheep_mini_moat, roderic_lattice_a, roderic_roman_lattice,
          minmay_strange_pillars
D:5:      layout_layer_cave, overflow_temple_1_default, kennysheep_little_box,
          minmay_temple_entry_mist, serial_shops, shop_coins,
          nicolae_shop_stone, st_stairs_7
Temple:   jpeg_temple_island

Skill      XL: |  1  2  3 |
---------------+----------+-----
Stealth        | 7 8 |  8.2
Fighting       | |  3.1
Dodging        | |  2.7
Unarmed Combat | |  2.0

Action                   || total
-------------------------++-------
Melee: Unarmed           ||     8
 Stab: Sleeping          ||     4
Dodge: Dodged            ||     7
